 Dungeon Crawl Stone Soup version 0.31-a0-963-ga325b2283a (webtiles) character file.

Game seed: 4818088867367543925

508 croobank the Trooper (level 7, -5/50 HPs)
             Began as an Octopode Monk on Oct 24, 2023.
             Slain by an orc warrior
             ... wielding a +0 mace
              (10 damage)
             ... on level 4 of the Dungeon.
             The game lasted 00:10:57 (2899 turns).

croobank the Trooper (Octopode Monk)                Turns: 2899, Time: 00:10:57

Health: -5/50      AC:  1    Str: 10    XL:     7   Next: 18%
Magic:  7/7        EV: 15    Int: 14    God:
Gold:   153        SH:  0    Dex: 15    Spells: 6/7 levels left

rFire   . . .        a - +0 short sword (spect)
rCold   + . .        (no shield)
rNeg    . . .        (helmet restricted)
rPois   .            (no amulet)
rElec   .            u - ring of protection from cold
rCorr   .            v - ring of flight
SInv    .            (no ring)
Will    .....        (no ring)
Stlth   ++           (no ring)
HPRegen 0.28/turn    (no ring)
MPRegen 0.10/turn    (no ring)
                     (no ring)

%: no passive effects
@: flying
A: almost no armour, amphibious, 8 rings, camouflage 1, gelatinous body 1,
(nimble swimmer 1), tentacles
a: no special abilities


You were on level 4 of the Dungeon.
You visited 1 branch of the dungeon, and saw 4 of its levels.

You collected 153 gold pieces.

Inventory:

Hand Weapons
 a - a +0 spectral short sword (weapon)
 b - a +0 sling
 d - a +0 dagger
 j - a +0 hand axe
 k - a +2 spectral quarterstaff
 l - the +0 mace "Xom's Attic" {pain, rElec Str+3 Stlth+}
   (You found it on level 3 of the Dungeon)

   Str+3:     It affects your strength (+3).
   rElec:     It insulates you from electricity.
   Stlth+:    It makes you more stealthy.
Missiles
 o - 6 poisoned darts (quivered)
 t - 2 javelins
 x - 2 atropa-tipped darts
Armour
 c - an orb of light
Magical Staves
 y - a staff of poison
Jewellery
 u - a ring of protection from cold (left tentacle)
 v - a ring of flight (right tentacle)
Talismans
 p - a flux talisman
 r - a storm talisman
Scrolls
 f - 2 scrolls of noise
 i - a scroll of amnesia
 m - a scroll of immolation
 n - a scroll of teleportation
 s - a scroll of enchant armour
 w - a scroll of enchant weapon {unknown}
Potions
 g - a potion of invisibility
 h - a potion of ambrosia
 q - a potion of brilliance
 z - a potion of heal wounds


   Skills:
 + Level 5.1 Fighting
 + Level 5.1 Short Blades
 + Level 5.0 Dodging
 + Level 0.5 Spellcasting
 + Level 0.6 Fire Magic


You had 6 spell levels left.
You knew the following spells:

 Your Spells              Type           Power      Damage    Failure   Level
a - Foxfire               Conj/Fire      4%         2x1d4     24%         1

Your spell library contained the following spells:

 Spells                   Type           Power      Damage    Failure   Level
 Ensorcelled Hibernation  Hex/Ice        0%         N/A       38%         2
 Passwall                 Tmut/Erth      0%         N/A       38%         2
 Swiftness                Air            0%         N/A       63%         3
 Flame Wave               Conj/Fire      1%         2d4       94%         4
 Ignition                 Fire           1%         3d3       100%        8


Dungeon Overview and Level Annotations

Branches:
Dungeon (4/15)
 Temple: D:4-7

Altars:
Gozag
Makhleb
Qazlal
Vehumet


Innate Abilities, Weirdness & Mutations

You cannot wear most types of armour.
You are amphibious.
You can wear up to eight rings at the same time.
Your skin changes colour to match your surroundings (Stealth+).
Your rubbery body absorbs attacks. (AC +1, EV +1)
((You are camouflaged when in or above water. (Stealth+)))
You have tentacles for arms and can constrict up to eight enemies at once.


Message History

The orc closely misses you.
The orc warrior shoots a bolt.
The bolt barely misses you.
You see here a +0 mace.
You barely miss the orc. Your grab misses the orc. You squeeze the orc.
The orc is severely wounded.
Your +0 spectral short sword hits the orc.
You kill the orc!
The orc warrior shoots a bolt.
The bolt hits your +0 spectral short sword!
Your spectral weapon shares its damage with you!
You swap places.
Your +0 spectral short sword disappears.
The orc warrior shoots a bolt.
The bolt hits you!!
The orc wizard shouts!
You are too injured to fight recklessly!
You are too injured to fight recklessly!
You are too injured to fight recklessly!
You are too injured to fight recklessly!
The orc warrior unwields a +0 arbalest.
The orc warrior wields a +0 mace.
The orc warrior hits you with a +0 mace!
You hit the orc warrior but do no damage.
You grab the orc warrior. Your squeeze misses the orc warrior.
Your +0 spectral short sword hits the orc warrior but does no damage.
You constrict the orc warrior, but do no damage.
The orc wizard points at you and mumbles some strange words.
The magic dart hits you.
* * * LOW HITPOINT WARNING * * *
You hit the orc warrior but do no damage.
You squeeze the orc warrior.
The orc warrior is lightly wounded.
Your +0 spectral short sword hits the orc warrior.
You constrict the orc warrior, but do no damage.
The orc warrior hits you with a +0 mace!
* * * LOW HITPOINT WARNING * * *
You hit the orc warrior but do no damage.
The orc warrior is moderately wounded.
Your +0 spectral short sword hits the orc warrior but does no damage.
You constrict the orc warrior, but do no damage.
The orc warrior hits you with a +0 mace!
You die...

.# ... #o.. #..... ###
### #.....###.###.#
...........)#.##
.#.....oo@(.)..#
##.......o....#
#............## ##.
#[...##>......#
..#####.)..#.......# #
##..##..............#
####.......###.......###
##.#......###..#######
..........#...###


You could see an orc warrior, an orc wizard, an orc and a friendly +0 spectral
short sword.

Vanquished Creatures
  A sky beast (D:3)
  An ogre (D:4)
  A phantom (D:4)
  A jelly (D:3)
  Jessica (D:3)
  8 gnolls
  2 adders (D:2)
  3 worms (D:2)
  A dart slug (D:3)
  4 orcs
  10 endoplasms
  5 giant cockroaches
  4 goblins
  7 hobgoblins
  5 jackals
  5 quokkas
  8 ball pythons
  4 bats
  3 frilled lizards
  4 kobolds
  8 rats
86 creatures vanquished.

Notes
Turn   | Place    | Note
-------+----------+-------------------------------------------
     0 | D:1      | croobank the Octopode Monk began the quest for the Orb.
     0 | D:1      | Reached XP level 1. HP: 16/16 MP: 1/1
   103 | D:1      | Reached XP level 2. HP: 18/21 MP: 2/2
   702 | D:1      | Reached XP level 3. HP: 26/26 MP: 3/3
  1033 | D:2      | Reached XP level 4. HP: 33/33 MP: 4/4
  1215 | D:2      | Reached XP level 5. HP: 37/37 MP: 5/5
  1402 | D:3      | Found an opulent altar of Gozag.
  1427 | D:3      | You fall into a shaft and drop 1 floor!
  1427 | D:4      | Identified the of Polel
  1800 | D:3      | Found a stormy altar of Qazlal.
  1800 | D:3      | Noticed a sky beast
  1812 | D:3      | Killed a sky beast
  1813 | D:3      | Reached XP level 6. HP: 35/44 MP: 6/6
  1937 | D:3      | Identified the +0 mace "Xom's Attic" {pain, rElec Str+3
                  | Stlth+}
  2189 | D:3      | Noticed Jessica
  2194 | D:3      | Killed Jessica
  2320 | D:3      | Found a burning altar of Makhleb.
  2428 | D:3      | Found a faded altar of an unknown god.
  2553 | D:4      | Reached skill level 5 in Fighting
  2553 | D:4      | Reached skill level 5 in Short Blades
  2572 | D:4      | Found a radiant altar of Vehumet.
  2672 | D:4      | Learned a level 1 spell: Foxfire
  2694 | D:4      | Reached skill level 5 in Dodging
  2694 | D:4      | Reached XP level 7. HP: 41/50 MP: 7/7
  2899 | D:4      | Slain by an orc warrior

Illustrated notes

Levels and vault maps discovered:
D:1:      mrwooster_arrival_statue_2, layout_basic
D:2:      layout_basic
D:3:      layout_basic, grunt_gozag_statues,
          mainiacjoe_overflow_small_starburst, nicolae_qazlal_beasts_of_the_sky,
          basic_ecumenical_altar, minmay_misc_feat_square, chequers_arboretum,
          uniq_jessica
D:4:      layout_cave_pools, mainiacjoe_overflow_chevrons,
          minmay_misc_feat_more_columns, nicolae_titane

Skill      XL: |  1  2  3  4  5  6 |
---------------+-------------------+-----
Fighting       | 4 5 |  5.1
Short Blades   | 4 5 |  5.1
Dodging        | 4 5 |  5.0
Spellcasting   | |  0.5
Fire Magic     | |  0.6

Action                     |  1- 3 |  4- 6 |  7- 9 || total
---------------------------+-------+-------+-------++-------
  Melee: Short sword       |    60 |    28 |     6 ||    94
         Constrict         |    16 |    21 |     2 ||    39
         Tentacles         |    13 |    26 |     3 ||    42
         Quarterstaff      |     5 |    53 |       ||    58
         Punch             |       |     2 |       ||     2
         Mace              |       |     3 |       ||     3
   Fire: Sling             |    13 |       |       ||    13
  Throw: Dart              |       |     4 |       ||     4
    Use: Scroll            |       |     7 |     2 ||     9
   Stab: Sleeping          |     5 |     5 |       ||    10
         Distracted        |       |     1 |       ||     1
 Armour: Skin              |    22 |    21 |     6 ||    49
  Dodge: Dodged            |    51 |    45 |     4 ||   100

Table legend: (Time is in decaauts)
 A = Elapsed time spent in this place.
 B = Non-inter-level travel time spent in this place.
 C = Inter-level travel time spent in this place.
 D = Time resting spent in this place.
 E = Time spent auto-exploring this place.
 F = Levels seen in this place.
 G = Mean time per level.
                   A        B        C        D        E       F      G
               +--------+--------+--------+--------+--------+-----+--------+
         Total |   2897 |   2762 |    135 |    395 |   1643 |   4 |  724.2 |
       Dungeon |   2897 |   2762 |    135 |    395 |   1643 |   4 |  724.2 |
               +--------+--------+--------+--------+--------+-----+--------+

Top non-repeatable levels by time:
     D:3: 1124 daAuts
     D:1: 757 daAuts
     D:2: 643 daAuts
     D:4: 372 daAuts
